 Dungeon Crawl Stone Soup version 0.18.1-48-g4cf74bf (webtiles) character file.

370 Heedrag the Conjurer (level 6, 0/32 HPs)
             Began as a Deep Elf Conjurer on Aug 7, 2016.
             Slain by a worker ant (2 damage)
             ... on level 4 of the Dungeon.
             The game lasted 00:08:12 (3572 turns).

Heedrag the Conjurer (Deep Elf Conjurer)            Turns: 3572, Time: 00:08:12

Health: 0/32       AC:  2    Str:  7    XL:     6   Next: 42%
Magic:  1/16       EV: 17    Int: 20    God:
Gold:   197        SH:  0    Dex: 15    Spells: 4 memorised, 3 levels left

rFire  . . .     SeeInvis .     u - +2 halberd (chop)
rCold  . . .     Gourm    .     a - +0 robe
rNeg   . . .     Faith    .     (shield currently unavailable)
rPois  .         Spirit   .     (no helmet)
rElec  .         Dismiss  .     (no cloak)
rCorr  .         Reflect  .     (no gloves)
SustAt .         Harm     .     (no boots)
MR     .....                    q - amulet of inaccuracy (curse)
Stlth  ++........               (no ring)
                                x - +4 ring of evasion

@: not resistant to hostile enchantments, unstealthy
A: no striking features
a: no special abilities


You were on level 4 of the Dungeon.
You were hungry.

You visited 1 branch of the dungeon, and saw 4 of its levels.

You collected 197 gold pieces.

Inventory:

Hand Weapons
 g - a +1 dagger of electrocution
 u - a +2 halberd of chopping (weapon)
Armour
 a - a +0 robe (worn)
Jewellery
 q - a cursed amulet of inaccuracy (around neck)
 t - an uncursed amulet of the gourmand {unknown}
 x - a +4 ring of evasion (left hand)
Wands
 k - a wand of random effects (20/48)
Scrolls
 e - 3 scrolls of identify {unknown}
 i - a scroll of blinking {unknown}
 j - 2 scrolls of magic mapping {unknown}
 l - a scroll of recharging {unknown}
 m - a scroll of amnesia {unknown}
 o - a scroll of enchant weapon {unknown}
 p - 2 scrolls of fear {unknown}
 s - a scroll of immolation {unknown}
Potions
 h - a potion of mutation {unknown}
 n - a potion of curing {unknown}
 v - a potion of invisibility {unknown}
 w - a potion of flight {unknown}
Books
 b - a book of Conjurations

   Spells                             Type                      Level
   a - Magic Dart                     Conjuration                  1
   b - Searing Ray                    Conjuration                  2
   c - Dazzling Spray                 Conjuration/Hexes            3
   d - Fulminant Prism                Conjuration/Hexes            4
   e - Iskenderun's Mystic Blast      Conjuration                  4
   f - Iskenderun's Battlesphere      Conjuration/Charms           5
Comestibles
 c - 6 bread rations
 d - 3 meat rations
 f - a beef jerky


   Skills:
 - Level 2.4 Dodging
 - Level 2.4 Stealth
 + Level 5.6 Spellcasting
 * Level 7.1 Conjurations
 + Level 2.7 Charms


You had 3 spell levels left.
You knew the following spells:

 Your Spells              Type           Power        Failure   Level  Hunger
a - Magic Dart            Conj           ####         1%          1    None
b - Dazzling Spray        Conj/Hex       ###...       10%         3    ##.....
c - Iskenderun's Mystic   Conj           ####....     8%          4    ####...
d - Iskenderun's Battles  Conj/Chrm      ####....     45%         5    #####..


Dungeon Overview and Level Annotations

Branches:
Dungeon (4/15)
 Temple: D:4-7

Altars:
Ashenzari
Makhleb
Okawaru
Pakellas
Trog

Shops:
D:4 }

Annotations:
D:2 exclusion: worm, Sigmund
D:3 Grinder


Message History

Castin': Magic Dart Confirm wit' . or Enter, or press ? or * ta list all spells.
Aimin': Magic Dart
Press: ? - help, Shift-Dir - straight line, f/p - worker ant
Aim: a worker ant (moderately wounded) Tha magic dart hits tha worker ant.
Tha worker ant be heavily wounded.
Tha worker ant barely misses ye.
Ye hit tha worker ant.
Tha worker ant be almost dead.
Tha worker ant barely misses ye.
Tha worker ant misses ye.
Ye miss tha worker ant.
Tha worker ant be almost dead.
Tha worker ant bites ye.
* * * LOW HITPOINT WARNIN'
* * * Tha worker ant closely misses ye.
Ye completely miss tha worker ant.
Tha worker ant be almost dead.
Tha worker ant bites ye.
Ye die...

#.....#....####.........#
...####.#### ##..#######
...###..# ##...#
........# ##..[.# ###
..##.(#.#####..#.#####.#
....o...#......).......#
...###......##.#.....###
..## #..#.#....#..####
..# ##.........@.# ..#
##...##.#a###
#.#############.# #.....#
#)# #.##..# #.## .....##
#..####### #######
#........# ......#
#.####...# ..<...# #.##
#...#


You could see a worker ant.

Vanquished Creatures
  An ogre (D:4)
  2 orc priests (D:4)
  An orc wizard (D:4)
  2 worker ants (D:4)
  3 gnolls (D:3)
  2 adders (D:4)
  An ooze (D:2)
  5 worms
  5 dart slugs
  8 orcs
  A ball python (D:3)
  4 giant cockroaches
  10 goblins
  4 hobgoblins
  7 jackals
  3 kobolds
  A quokka (D:4)
  8 bats
  A giant newt (D:1)
  5 rats
74 creatures vanquished.

Notes
Turn   | Place    | Note
--------------------------------------------------------------
     0 | D:1      | Heedrag the Deep Elf Conjurer began the quest for the Orb.
     0 | D:1      | Reached XP level 1. HP: 10/10 MP: 6/6
    80 | D:1      | Reached XP level 2. HP: 2/15 MP: 0/8
   500 | D:1      | Reached skill level 5 in Conjurations
   931 | D:2      | Reached XP level 3. HP: 19/19 MP: 6/10
   936 | D:2      | Learned a level 3 spell: Dazzling Spray
  1123 | D:2      | Noticed Sigmund
  1321 | D:2      | Found a burning altar of Makhleb.
  1321 | D:2      | Found an iron altar of Okawaru.
  1368 | D:2      | Found a shattered altar of Ashenzari.
  1890 | D:3      | Reached XP level 4. HP: 24/24 MP: 8/12
  1899 | D:3      | Learned a level 4 spell: Iskenderun's Mystic Blast
  2263 | D:3      | Noticed Grinder
  2297 | D:3      | Found a bloodstained altar of Trog.
  2429 | D:3      | Reached skill level 6 in Conjurations
  2576 | D:4      | Reached XP level 5. HP: 18/28 MP: 5/14
  2611 | D:4      | HP: 1/28 [poisoned by a worker ant]
  2967 | D:4      | Learned a level 5 spell: Iskenderun's Battlesphere
  2998 | D:4      | Found an oddly glowing altar of Pakellas.
  2998 | D:4      | Found Pakellas's Prime Provisions.
  3050 | D:4      | Noticed an ogre
  3057 | D:4      | Killed an ogre
  3057 | D:4      | Reached skill level 5 in Spellcasting
  3057 | D:4      | Reached skill level 1 in Charms
  3245 | D:4      | Reached XP level 6. HP: 32/32 MP: 6/16
  3538 | D:4      | Reached skill level 7 in Conjurations
  3572 | D:4      | Slain by a worker ant

Skill      XL: |  1  2  3  4  5  6 |
---------------+-------------------+-----
Conjurations   | 5 6 7 |  7.1
Spellcasting   | 4 5 |  5.6
Charms         | 2 |  2.7
Dodging        | |  2.4
Stealth        | |  2.4

Action                   |  1- 3 |  4- 6 || total
-------------------------+-------+-------++-------
Melee: Unarmed           |     4 |       ||     4
       Short sword       |     2 |       ||     2
       Dagger            |     3 |       ||     3
       Halberd           |       |     8 ||     8
 Cast: Magic Dart        |   104 |   100 ||   204
       Dazzling Spray    |       |     4 ||     4
  Eat: Chunk             |     3 |     5 ||     8
Armor: Robe              |     4 |     4 ||     8
Dodge: Dodged            |    13 |    21 ||    34
